 Dungeon Crawl Stone Soup version 0.29-a0-1008-g949cc1d0fb (webtiles) character file.

Game seed: 11451677354440801170

1171 Manisian the Magician (level 8, -22/43 HPs)
             Began as a Deep Elf Summoner on Aug 7, 2022.
             Was an Initiate of Sif Muna.
             Killed by an exploding themself (36 damage)
             ... ignited by their inner flame
             ... on level 6 of the Dungeon.
             The game lasted 00:14:41 (6188 turns).

Manisian the Magician (Deep Elf Summoner)           Turns: 6188, Time: 00:14:42

Health: -22/43     AC:  2    Str:  7    XL:     8   Next: 18%
Magic:  1/20       EV: 13    Int: 27    God:    Sif Muna [......]
Gold:   212        SH:  0    Dex: 15    Spells: 8/21 levels left

rFire   . . .      SeeInvis .   f - +0 halberd
rCold   . . .      Faith    .   (shield currently unavailable)
rNeg    . . .      Spirit   .   a - +0 robe
rPois   .          Reflect  .   (no helmet)
rElec   .          Harm     .   p - scarf {+Inv}
rCorr   .          Rampage  .   (no gloves)
Will    .....      Archmagi +   (no boots)
Stlth   +++.......              (no amulet)
HPRegen 0.14/turn               g - +6 ring of intelligence
MPRegen 0.17/turn               r - ring of the Mage {Wiz Archmagi}

@: no status effects
A: no striking features
a: Renounce Religion, Evoke Invisibility


You were on level 6 of the Dungeon.
You worshipped Sif Muna.
Sif Muna was noncommittal.
You visited 2 branches of the dungeon, and saw 7 of its levels.

You collected 344 gold pieces.
You spent 132 gold pieces at shops.

Inventory:

Hand Weapons
 f - a +0 halberd (weapon)
 j - a +0 trident
 l - a +0 trident of freezing
 u - a +0 quick blade
Armour
 a - a +0 robe (worn)
 p - a scarf of invisibility (worn)
 v - a +0 cloak
Jewellery
 g - a +6 ring of intelligence (left hand)
 r - the ring of the Mage (right hand) {Wiz Archmagi}
   (You acquired it on level 3 of the Dungeon)

   [ring of wizardry]

   It improves your spell success rate.
   Archmagi:  It increases the power of your magical spells.
Wands
 q - a wand of polymorph (3)
Scrolls
 s - 2 scrolls of fear
 t - a scroll of magic mapping
Potions
 b - a potion of magic
 c - 2 potions of mutation {unknown}
 d - 3 potions of might
 e - a potion of haste {unknown}
 h - a potion of berserk rage {unknown}
 i - 4 potions of curing
 m - 3 potions of degeneration
 n - a potion of attraction {unknown}
 o - a potion of lignification {unknown}
 w - a potion of flight {unknown}


   Skills:
 + Level 1.5 Fighting
 + Level 2.8 Polearms
 + Level 3.5 Dodging
 + Level 5.0 Stealth
 + Level 7.2 Spellcasting
 + Level 1.7 Hexes
 + Level 7.1 Summonings
 + Level 1.4 Air Magic


You had 8 spell levels left.
You knew the following spells:

 Your Spells              Type           Power      Damage    Failure   Level
a - Summon Small Mammal   Summ           100%       N/A       1%          1
b - Call Imp              Summ           64%        N/A       1%          2
c - Call Canine Familiar  Summ           64%        N/A       1%          3
d - Summon Guardian Gole  Hex/Summ       50%        N/A       1%          3
e - Summon Lightning Spi  Summ/Air       49%        N/A       4%          4

Your spell library contained the following spells:

 Spells                   Type           Power      Damage    Failure   Level
 Freeze                   Ice            56%        1d7       2%          1
 Magic Dart               Conj           56%        1d5       2%          1
 Scorch                   Fire           28%        2d6       3%          2
 Mephitic Cloud           Conj/Pois/Air  18%        N/A       6%          3
 Frozen Ramparts          Ice            28%        1d5       7%          3
 Summon Cactus Giant      Summ           32%        N/A       19%         6
 Flame Wave               Conj/Fire      14%        2d6       22%         4
 Hailstorm                Conj/Ice       14%        3d5       22%         4


Dungeon Overview and Level Annotations

Branches:
Dungeon (6/15)             Temple (1/1) D:4

Altars:
Ashenzari
Cheibriados
Elyvilon
Fedhas
Makhleb
Okawaru
Sif Muna
Trog
Uskayaw
Vehumet
Wu Jian
Xom
The Shining One

Shops:
D:3 :[

Annotations:
D:5 Grinder


Message History

The black bear is almost dead.
The scorpion stings your warg.
Your warg bites the iguana.
The iguana bites your guardian golem but does no damage.
The black bear goes berserk!
The scorpion barely misses your warg.
Your warg bites the iguana but does no damage.
Reach: f) +0 halberd
Press: ? - help, Dir - move target, f/p - black bear
Aim: a black bear (almost dead, berserk, about 41% to evade your +0 halberd)
You could not reach far enough!
The black bear bites your guardian golem but does no damage.
The black bear claws your guardian golem.
The black bear completely misses your guardian golem.
The iguana completely misses your guardian golem.
The black bear bites your guardian golem.
The black bear claws your guardian golem. x2
Your warg barely misses the iguana.
The scorpion misses your warg. The iguana bites your guardian golem!
The black bear bites your guardian golem!
The black bear claws your guardian golem. x2
Reach: f) +0 halberd
Press: ? - help, Dir - move target, f/p - black bear
Aim: a black bear (almost dead, berserk, ally target, about 41% to evade your +0 halberd)
You could not reach far enough!
Your warg bites the iguana.
The scorpion completely misses your warg.
Your guardian golem overheats!
The black bear barely misses your guardian golem.
The black bear claws your guardian golem.
Flame seeps out of your guardian golem.
The black bear claws your guardian golem but does no damage.
The iguana bites your guardian golem! Flame seeps out of your guardian golem.
Your warg bites the iguana.
The scorpion stings your warg. Flame seeps out of your guardian golem.
Your guardian golem is engulfed in blazing flames.
Flame seeps out of your guardian golem.
The black bear bites your guardian golem.
Your guardian golem disappears in a puff of smoke!
Your guardian golem explodes!
The fiery explosion engulfs you!!!
Ouch! That really hurt!
You die...

....... ...
.......#####...
...............
..............
[...........#
............#
.......§§§..#
.......@○h..#
....)..§§l..#
...$.....hs.# ##
......).§.○.##..#.#
######).§.○......s.
#####.)○.§........
########.................
.......#.................
.......#.................


You could see a black bear (berserk), a scorpion, an iguana (ally target) and a
friendly warg (summoned, sheltered).

Vanquished Creatures
  An ice beast (D:4)
  2 jellies
  An orc priest (D:6)
  4 adders
  2 dart slugs
  4 orcs
  A ball python (D:3)
  2 bats (D:3)
  4 endoplasms
  2 hobgoblins (D:4)
  3 kobolds
  2 quokkas
  A frilled lizard (D:1)
  2 goblins (D:1)
  A rat (D:3)
32 creatures vanquished.

Vanquished Creatures (collateral kills)
  A water moccasin (D:5)
  An orc warrior (D:6)
  An ice beast (D:5)
  2 scorpions
  Dowan (D:6)
  A howler monkey (D:4)
  3 hounds
  Jessica (D:2)
  4 gnolls
  An adder (D:4)
  An ufetubus (D:5)
  A dart slug (D:1)
  2 worms
  13 orcs
  2 endoplasms
  A giant cockroach (D:1)
  6 goblins
  A hobgoblin (D:1)
  2 kobolds (D:1)
  A quokka (D:5)
  2 ball pythons
  6 bats
  A frilled lizard (D:1)
  3 rats (D:1)
58 creatures vanquished.

Vanquished Creatures (others)
  Duvessa (D:6)
  An ogre (D:5)
2 creatures vanquished.

Grand Total: 92 creatures vanquished

Notes
Turn   | Place    | Note
-------+----------+-------------------------------------------
     0 | D:1      | Manisian the Deep Elf Summoner began the quest for the Orb.
     0 | D:1      | Reached XP level 1. HP: 10/10 MP: 6/6
    37 | D:1      | Reached XP level 2. HP: 15/15 MP: 4/8
    40 | D:1      | Learned a level 2 spell: Call Imp
   174 | D:1      | Reached skill level 5 in Summonings
   464 | D:1      | Reached XP level 3. HP: 16/19 MP: 5/9
   538 | D:1      | Learned a level 3 spell: Call Canine Familiar
   714 | D:1      | Identified a scroll of acquirement
   714 | D:1      | Acquired a book of Scorching
  1250 | D:2      | Found a hide-covered altar of Uskayaw.
  1254 | D:2      | Noticed Jessica
  1263 | D:2      | Killed Jessica
  1264 | D:2      | Reached XP level 4. HP: 21/24 MP: 4/11
  1268 | D:2      | Learned a level 3 spell: Summon Guardian Golem
  2241 | D:3      | Found Ofit's Book Emporium.
  2292 | D:3      | Found Tuvaj's Armour Shop.
  2296 | D:3      | Bought a scarf of invisibility for 132 gold pieces
  2372 | D:3      | Acquired the ring of the Mage {Wiz Archmagi}
  2372 | D:3      | Found the ring of the Mage {Wiz Archmagi}
  2683 | D:3      | Noticed a scorpion
  2688 | D:3      | Killed a scorpion
  2689 | D:3      | Reached XP level 5. HP: 28/28 MP: 4/14
  2694 | D:3      | Learned a level 4 spell: Summon Lightning Spire
  2911 | D:3      | Found an ornate altar of the Wu Jian Council.
  2915 | D:3      | Reached skill level 1 in Polearms
  3347 | D:4      | Reached skill level 5 in Spellcasting
  3486 | D:4      | Reached XP level 6. HP: 12/32 MP: 4/15
  4243 | D:4      | Noticed an ice beast
  4264 | D:4      | Killed an ice beast
  4379 | D:4      | Found a staircase to the Ecumenical Temple.
  4405 | Temple   | Entered the Ecumenical Temple
  4681 | Temple   | Became a worshipper of Sif Muna the Loreminder
  4843 | D:5      | Entered Level 5 of the Dungeon
  5250 | D:5      | Reached XP level 7. HP: 34/37 MP: 17/17
  5280 | D:5      | Found a snail-covered altar of Cheibriados.
  5461 | D:5      | Reached skill level 1 in Hexes
  5570 | D:5      | Reached skill level 1 in Fighting
  5570 | D:5      | Reached skill level 1 in Air Magic
  5774 | D:5      | Noticed Grinder
  6155 | D:6      | Noticed Dowan
  6158 | D:6      | Noticed Duvessa
  6163 | D:6      | Reached XP level 8. HP: 30/43 MP: 8/20
  6164 | D:6      | Killed Dowan
  6180 | D:6      | Killed Duvessa
  6181 | D:6      | Reached skill level 5 in Stealth
  6188 | D:6      | Killed by an exploding themself... ignited by their inner
                  | flame

Illustrated notes

Levels and vault maps discovered:
D:1:      dpeg_arrival_more_subterranean_lakeside_camping, layout_basic
D:2:      layout_loops_ring, basic_altar, dreamdust_wishing_well,
          dk_noncrumbling_2, uniq_jessica
D:3:      layout_loops_cross, old_standard_altar, serial_shops,
          nicolae_shop_crystal, shop
D:4:      layout_basic, minmay_temple_entry_metal_lava
D:5:      layout_rooms, kennysheep_slug_shrine, nicolae_overflow_hidden_temple,
          uniq_grinder
D:6:      layout_basic, uniq_duvessa
Temple:   minmay_temple_curvy_loop

Skill      XL: |  1  2  3  4  5  6  7  8 |
---------------+-------------------------+-----
Summonings     | 5 6 7 |  7.1
Spellcasting   | 4 5 6 7 |  7.2
Stealth        | 3 4 5 |  5.0
Polearms       | 1 2 |  2.8
Dodging        | 3 |  3.5
Hexes          | 1 |  1.7
Fighting       | 1 |  1.5
Air Magic      | 1 |  1.4

Action                   |  1- 3 |  4- 6 |  7- 9 || total
-------------------------+-------+-------+-------++-------
Melee: Trident           |    24 |       |       ||    24
       Halberd           |       |    96 |    27 ||   123
 Cast: Summon Small Mamm |    26 |     4 |     6 ||    36
       Call Imp          |     4 |     5 |     1 ||    10
       Call Canine Famil |     4 |    11 |     5 ||    20
       Summon Guardian G |       |     7 |     4 ||    11
       Summon Lightning  |       |     8 |     2 ||    10
  Use: Scroll            |     5 |     9 |     1 ||    15
       Potion            |       |     1 |     2 ||     3
 Stab: Sleeping          |     3 |     9 |     2 ||    14
       Distracted        |     1 |       |     1 ||     2
Armor: Robe              |     4 |    26 |     2 ||    32
Dodge: Dodged            |    18 |    79 |    26 ||   123

Table legend: (Time is in decaauts)
 A = Elapsed time spent in this place.
 B = Non-inter-level travel time spent in this place.
 C = Inter-level travel time spent in this place.
 D = Time resting spent in this place.
 E = Time spent auto-exploring this place.
 F = Levels seen in this place.
 G = Mean time per level.
                   A        B        C        D        E       F      G
               +--------+--------+--------+--------+--------+-----+--------+
         Total |   6253 |   5991 |    262 |    104 |   5028 |   7 |  893.3 |
       Dungeon |   5931 |   5788 |    143 |    104 |   4833 |   6 |  988.5 |
        Temple |    321 |    202 |    119 |      0 |    195 |   1 |  321.0 |
               +--------+--------+--------+--------+--------+-----+--------+

Top non-repeatable levels by time:
     D:4: 1407 daAuts
     D:3: 1233 daAuts
     D:2: 1193 daAuts
     D:5: 1024 daAuts
     D:1: 734 daAuts
     D:6: 338 daAuts
  Temple: 321 daAuts
